Map: Orbital Shipyard

Players

llllllllllll

  • Race: Protoss Protoss

Shura (Scarlett) - Winner!

  • Race: Zerg Zerg
  • League: Grandmaster

Event: NationWars III

VOD

https://www.youtube.com/watch?v=_GrfZYlZVs0

Description

Time

  • Played on: Jan. 2, 2016, 6:20 p.m.
  • Length: 12:30
Show
View Real Time Build Order
Export as new Build Order

llllllllllll Protoss 

Build Orders: Nexus First, Zealot Archon 

Get SALT Encoding   

  12  0:01  Probe (Chrono Boost)  
  13  0:11  Probe (Chrono Boost)  
  14  0:18  Pylon  
  14  0:22  Probe (Chrono Boost)  
  15  0:36  Probe (Chrono Boost)  
  16  0:47  Probe (Chrono Boost)  
  17  0:57  Nexus  
  17  1:07  Gateway  
  17  1:10  Probe (Chrono Boost)  
  18  1:15  Assimilator  
  18  1:20  Probe (Chrono Boost)  
  18  1:23  Assimilator  
  19  1:31  Probe (Chrono Boost)  
  20  1:39  Forge  
  20  1:44  Gateway  
  20  1:49  Pylon  
  19  1:55  Zealot (Chrono Boost)  
  19  2:01  Probe  
  22  2:06  Pylon  
  22  2:11  Photon Cannon  
  22  2:13  Probe  
  22  2:14  Gateway  
  23  2:23  Pylon  
  23  2:30  Gateway  
  23  2:35  Probe  
  24  2:40  Pylon  
  24  2:45  Probe  
  25  2:54  Nexus  
  25  2:56  Probe  
  25  2:58  Assimilator  
  26  3:07  Cybernetics Core  
  26  3:08  Probe  
  27  3:19  Probe  
  28  3:28  Protoss Ground Weapons Level 1  
  28  3:29  Probe  
  28  3:40  Probe  
  28  3:43  Warp Gate  
  28  3:47  Pylon  
  29  3:51  Probe  
  29  3:54  Zealot (Chrono Boost)  
  32  3:58  Stalker (Chrono Boost)  
  34  4:03  Probe (Chrono Boost)  
  34  4:06  Probe (Chrono Boost)  
  36  4:13  Robotics Facility  
  36  4:14  Probe (Chrono Boost)  
  38  4:17  Probe (Chrono Boost)  
  38  4:25  Probe (Chrono Boost)  
  38  4:27  Probe (Chrono Boost)  
  40  4:32  Zealot  
  40  4:33  Zealot  
  40  4:35  Probe (Chrono Boost)  
  40  4:38  Probe (Chrono Boost)  
  46  4:46  Probe (Chrono Boost)  
  46  4:48  Probe (Chrono Boost)  
  48  4:53  Twilight Council  
  48  4:57  Mothership Core (Chrono Boost)  
  48  4:59  Probe (Chrono Boost)  
  51  5:03  Warp Prism (Chrono Boost)  
  53  5:10  Probe  
  53  5:11  Nexus  
  54  5:14  Pylon  
  54  5:15  Protoss Ground Weapons Level 2  
  54  5:19  Probe  
  55  5:22  Probe  
  56  5:29  Assimilator  
  56  5:31  Probe  
  56  5:32  Assimilator  
  56  5:34  Probe  
  58  5:43  Probe  
  58  5:44  Pylon  
  58  5:46  Probe  
  60  5:50  Charge (Chrono Boost)  
  60  5:55  Probe  
  60  5:56  Zealot x2  
  65  5:58  Probe  
  65  5:59  Pylon  
  66  6:07  Probe  
  66  6:10  Probe  
  68  6:19  Probe  
  68  6:22  Probe, Zealot x2  
  68  6:23  Probe  
  73  6:26  Immortal  
  73  6:31  Probe  
  73  6:32  Probe  
  78  6:33  Gateway  
  78  6:35  Probe, Gateway  
  80  6:43  Probe x2  
  80  6:44  Zealot  
  80  6:45  Zealot  
  86  6:47  Probe  
  86  6:53  Gateway  
  87  6:55  Probe, Gateway  
  87  6:56  Probe  
  87  6:59  Probe, Assimilator  
  90  7:03  Templar Archives  
  90  7:08  Probe, Observer  
  92  7:10  Zealot  
  92  7:11  Zealot  
  92  7:12  Pylon  
  96  7:17  Pylon  
  96  7:21  Gateway  
  96  7:27  Gateway  
  96  7:32  Zealot x4  
  104  7:38  Gateway  
  104  7:40  Gateway  
  104  7:41  Gateway  
  104  7:55  High Templar x5  
  104  7:56  High Templar  
  114  7:59  Archon x2  
  114  8:00  Archon  
  114  8:05  Pylon  
  110  8:06  Warp Prism  
  110  8:07  Pylon  
  110  8:08  Pylon  
  102  8:15  Probe  
  102  8:17  Assimilator  
  97  8:23  Photon Cannon  
  95  8:29  Zealot x3  
  95  8:30  Zealot x5  
  98  8:35  Photon Cannon  
  98  8:36  Photon Cannon  
  98  8:39  Photon Cannon  
  98  8:41  High Templar  
  98  8:42  Zealot, High Templar  
  98  8:46  Archon  
  104  8:50  Stalker x2  
  104  8:51  Stalker  
  110  8:57  High Templar x2  
  110  9:01  Archon  
  114  9:04  Probe  
  114  9:07  Probe  
  115  9:21  Probe  
  115  9:26  Zealot x5  
  115  9:27  Zealot x3  
  115  9:28  Nexus  
  115  9:30  Pylon, Zealot  
  131  9:33  Zealot  
  131  9:36  Zealot  
  121  9:41  Probe x2  
  90  9:59  Zealot x3  
  94  10:00  Zealot x5  
  94  10:05  Zealot, High Templar x2  
  94  10:07  Probe  
  110  10:08  Probe x2  
  110  10:12  Archon  
  113  10:20  Probe  
  114  10:27  Stalker x2  
  111  10:36  Pylon  
  111  10:37  Pylon, High Templar x2  
  111  10:38  High Templar x4  
  111  10:39  Pylon, High Templar  
  125  10:42  Pylon, Archon  
  125  10:43  Archon x2  
  125  10:47  Pylon  
  125  10:56  Nexus, Zealot x3, High Templar  
  133  11:01  Archon  
  133  11:03  Observer  
  134  11:13  High Templar  
  136  11:19  Zealot x9  
  136  11:24  Observer  
  155  11:30  High Templar  
  149  11:45  Observer, High Templar  
  149  11:46  Zealot x8, High Templar  
  122  11:54  Archon  
  87  12:03  High Templar  
  89  12:08  Zealot x5  
  89  12:09  Zealot x3, Archon  
  81  12:23  High Templar x2  
Show
View Real Time Build Order
Export as new Build Order

Shura Zerg - Winner!

Build Orders: Pool First, Lurkers 

Get SALT Encoding   

  12  0:18  Spawning Pool  
  11  0:22  Drone  
  11  0:26  Drone  
  13  0:31  Drone  
  14  0:39  Overlord  
  14  1:04  Queen, Zergling x4  
  14  1:05  Zergling x2  
  19  1:17  Zergling x2  
  20  1:28  Zergling x2  
  21  1:38  Hatchery  
  21  1:39  Zergling x2  
  21  1:49  Zergling x2  
  22  2:20  Hatchery  
  22  2:22  Overlord  
  21  2:23  Drone  
  21  2:42  Drone x3  
  24  2:46  Queen  
  24  2:51  Drone  
  27  2:54  Drone  
  28  2:59  Drone  
  28  3:04  Drone  
  30  3:08  Drone  
  31  3:14  Drone  
  31  3:16  Drone  
  31  3:17  Drone  
  31  3:18  Drone  
  35  3:24  Overlord  
  35  3:33  Drone x3  
  38  3:34  Drone  
  38  3:40  Queen  
  41  3:43  Drone  
  41  3:45  Drone  
  41  3:47  Drone  
  44  3:48  Drone  
  44  3:51  Drone  
  44  3:52  Drone  
  44  3:55  Drone  
  48  3:57  Drone  
  48  4:00  Overlord  
  49  4:04  Drone, Extractor  
  49  4:05  Drone, Extractor  
  49  4:09  Overlord  
  49  4:10  Drone  
  50  4:18  Overlord  
  50  4:20  Queen  
  50  4:22  Drone  
  50  4:23  Drone x3  
  55  4:27  Drone x2  
  55  4:29  Drone  
  58  4:34  Overlord  
  58  4:35  Drone x3  
  61  4:39  Extractor  
  61  4:40  Overlord  
  61  4:42  Drone  
  61  4:44  Overlord  
  61  4:46  Drone  
  61  4:47  Drone  
  61  4:50  Drone x2  
  65  4:54  Lair  
  65  4:56  Drone  
  65  4:57  Drone  
  67  5:01  Drone x4  
  71  5:07  Roach Warren  
  71  5:09  Extractor  
  71  5:13  Drone x5  
  74  5:20  Overlord  
  74  5:21  Drone x3  
  77  5:25  Evolution Chamber  
  76  5:28  Drone  
  76  5:29  Drone x2  
  76  5:30  Overlord  
  76  5:34  Overlord  
  79  5:37  Drone x2  
  79  5:38  Overlord  
  79  5:39  Overlord  
  79  5:40  Zergling x2  
  79  5:41  Metabolic Boost  
  82  5:49  Roach x5  
  92  5:52  Zerg Missile Weapons Level 1, Glial Reconstitution  
  92  5:54  Overseer  
  92  5:56  Drone x3  
  95  5:58  Extractor  
  95  5:59  Extractor  
  95  6:02  Roach  
  95  6:03  Roach x2  
  99  6:06  Roach x2  
  102  6:19  Drone  
  102  6:20  Drone x5  
  106  6:26  Hatchery  
  106  6:32  Drone x3  
  108  6:34  Drone x3, Hydralisk Den  
  108  6:36  Spire  
  109  6:41  Roach x2  
  109  6:42  Roach  
  109  6:46  Overlord  
  115  6:47  Overlord  
  115  6:52  Overlord x2  
  115  6:55  Zergling x2  
  116  7:01  Overseer  
  116  7:04  Lurker Den  
  116  7:05  Hydralisk x4  
  116  7:08  Extractor  
  123  7:10  Extractor  
  123  7:11  Hydralisk x2  
  123  7:12  Hydralisk  
  128  7:16  Drone x3  
  128  7:17  Drone x3  
  134  7:23  Drone x2  
  134  7:24  Hatchery  
  134  7:27  Hydralisk  
  137  7:34  Evolution Chamber  
  136  7:44  Overlord x2  
  136  7:45  Overlord x2  
  136  7:48  Hydralisk x4  
  136  7:51  Zerg Flyer Weapons Level 1, Mutalisk  
  144  7:56  Mutalisk x3  
  149  7:59  Roach x2  
  148  8:11  Roach x5  
  148  8:12  Roach x3  
  154  8:29  Roach x6  
  154  8:33  Zerg Missile Weapons Level 2  
  160  8:35  Zerg Ground Armor Level 1  
  160  8:39  Roach x3  
  160  8:40  Roach  
  168  8:55  Roach x10  
  188  9:03  Muscular Augments  
  188  9:05  Roach x2  
  188  9:06  Roach x2  
  188  9:08  Overlord x2  
  196  9:30  Extractor  
  193  9:34  Roach x6  
  193  9:35  Extractor  
  178  9:40  Roach x10  
  178  9:41  Roach x3  
  164  9:52  Hydralisk x7  
  146  9:58  Hydralisk x6  
  168  10:04  Hydralisk x3  
  172  10:09  Roach  
  172  10:10  Roach x3  
  172  10:13  Roach  
  172  10:14  Roach x3  
  188  10:18  Roach x3  
  198  10:39  Lurker x4  
  198  10:41  Lurker  
  196  10:46  Spore Crawler, Spine Crawler  
  196  10:49  Spine Crawler x2  
  192  10:51  Lurker x2  
  192  10:53  Spore Crawler  
  192  10:56  Lurker  
  194  11:00  Lurker  
  195  11:05  Lurker  
  195  11:08  Lurker  
  195  11:09  Lurker  
  198  11:15  Overseer  
  188  11:45  Roach  
  188  11:46  Roach x18  
  183  11:49  Roach x11  
  192  11:55  Hydralisk  
  192  11:56  Hydralisk  
  196  12:03  Overseer x3  
Tags
 
Add a new tag
Caveats
  • Supply blocks, unpowered buildings, or Contaminate may cause inaccurate times.
  • Supply counts are checked every 10 seconds.